AoeStats
← Drak

Arena

519386167Analyzed
3v3 RM · 9d ago on Nov 7, 2026· 19m 7s· 6 players
Game mode
Random Map
Map size
Normal (6 player)
Population
200
Speed
Normal
Resources
Standard
Victory
Conquest
Starting age
Dark Age
Ending age
Imperial Age
RankedLock teamsTeams togetherTeam positionsShared explorationLock speedFull tech treeHidden civsTurbo modeCheats
Victory
Defeat
🇦🇷 Japanese · Argentina
938
+14
🇯🇵 Saracens · Japan
867
+16
🇮🇹 Franks · Italy
813
+17
vs
🇦🇺 Slavs · Australia
907
-17
🇦🇺 Spanish · Australia
887
-16
🇦🇺 Persians · Australia
821
-30
My_Chat_Is_Banned
11:26 Feudal Age
10:10 Loom
15:35 Castle Age
14:24 Double-Bit Axe
14:22 Horse Collar
18:06 Bow Saw
18:13 Heavy Plow
Drak
10:28 Feudal Age
10:53 Horse Collar
11:01 Double-Bit Axe
19:05 Castle Age
18:26 Forging
18:16 Scale Mail Armor
cosaosa
1:22 Loom
9:54 Feudal Age
19:42 Castle Age
17:48 Double-Bit Axe
18:33 Gold Mining
18:36 Stone Mining
19:43 Forging
Arabian War Prince
10:51 Feudal Age
12:30 Double-Bit Axe
15:33 Castle Age
14:04 Horse Collar
14:16 Loom
Genoese CrossBroman
9:15 Loom
11:29 Feudal Age
15:40 Castle Age
13:37 Double-Bit Axe
ibrabob141
13:28 Feudal Age
18:07 Castle Age
17:59 Wheelbarrow
17:34 Double-Bit Axe
17:45 Horse Collar
18:37 Gold Mining
Connection lost

Rejoining the realm…

Still unreachable

The connection could not be restored.

Session expired

The server has moved on; the page needs a fresh start.